AoeStats
← 漠北万丈孤烟长河落日圆

Nomad

511005810Analyzed
4v4 RM · 7h ago on Oct 3, 2026· 38m 45s· 8 players
Game mode
Random Map
Map size
231×231
Population
200
Speed
Normal
Resources
Standard
Victory
Conquest
Starting age
Dark Age
Ending age
Imperial Age
RankedLock teamsTeams togetherTeam positionsShared explorationLock speedFull tech treeHidden civsTurbo modeCheats
Victory
Defeat
🇨🇳 Maya · China
1535
+10
🇨🇳 Vikings · China
1520
+11
🇨🇦 Aztecs · Canada
1465
+13
🇯🇵 Gurjaras · Japan
1456
+14
🇩🇪 Sicilians · Germany
1474
-14
🇮🇳 Burgundians · India
1420
-13
1366
-11
🇨🇳 Mongols · China
1358
-10
愿随心
3:36 Loom
14:08 Feudal Age
18:23 Castle Age
16:33 Double-Bit Axe
17:25 Gold Mining
18:37 Stone Mining
20:02 Fishing Lines
21:49 Wheelbarrow
22:10 Gillnets
23:26 Fletching
24:34 Bodkin Arrow
27:30 Padded Archer Armor
27:43 Horse Collar
28:15 Bow Saw
28:34 Heavy Plow
30:01 Ballistics
35:02 Imperial Age
32:58 Hand Cart
34:50 Stone Shaft Mining
35:44 Bracer
36:13 Conscription
36:54 Elite Plumed Archer
39:25 Chemistry
39:28 Leather Archer Armor
38:56 Treadmill Crane
Element-Dy
4:46 Loom
12:37 Feudal Age
13:35 Double-Bit Axe
13:32 Fishing Lines
14:45 Town Watch
18:10 Fletching
24:27 Castle Age
23:17 Gold Mining
23:35 Padded Archer Armor
23:26 Horse Collar
24:35 Stone Mining
25:07 Bodkin Arrow
25:52 Gillnets
27:06 Bow Saw
32:57 Heavy Plow
35:54 Imperial Age
33:56 Chieftains
33:18 Pikeman
33:58 Squires
33:48 Arson
34:48 Scale Mail Armor
35:19 Forging
36:53 Chain Mail Armor
38:09 Conscription
39:51 Plate Mail Armor
god comic
8:57 Loom
13:34 Feudal Age
17:21 Castle Age
17:17 Double-Bit Axe
17:45 Forging
19:20 Fishing Lines
20:14 Gillnets
21:44 Medium Warships
23:01 Stone Mining
23:03 Gold Mining
24:26 Horse Collar
24:58 Bow Saw
25:30 Wheelbarrow
26:49 Fletching
27:01 Padded Archer Armor
27:34 Bodkin Arrow
27:46 Heavy Plow
28:51 Husbandry
29:01 Bloodlines
33:19 Imperial Age
32:10 Leather Archer Armor
32:06 Thumb Ring
32:24 Ballistics
34:46 Bracer
35:43 Elite Elephant Archer
37:34 Conscription
championqc82
5:05 Loom
13:51 Feudal Age
14:49 Stone Mining
14:46 Double-Bit Axe
14:43 Fishing Lines
15:34 Town Watch
17:10 Fletching
21:12 Castle Age
21:45 Fishing Lines
23:26 Bodkin Arrow
24:45 Wheelbarrow
24:59 Gillnets
27:11 Bow Saw
32:20 Scale Mail Armor
32:56 Hand Cart
33:40 Eagle Warrior
34:55 Town Patrol
34:56 Gold Mining
36:51 Gold Shaft Mining
35:57 Horse Collar
37:10 Chain Mail Armor
37:09 Arson
37:25 Squires
825889483
4:41 Loom
13:19 Feudal Age
17:00 Castle Age
16:36 Double-Bit Axe
19:42 Bow Saw
22:02 Gold Mining
22:21 Fletching
22:57 Bodkin Arrow
27:17 Ballistics
28:14 Town Watch
34:03 Imperial Age
33:14 Gold Shaft Mining
33:14 Murder Holes
33:55 Stone Mining
34:13 Padded Archer Armor
35:09 Bloodlines
35:01 Husbandry
35:47 Conscription
37:21 Bracer
37:37 Leather Archer Armor
38:31 Elite Mangudai
adi.rathore
4:52 Loom
14:19 Feudal Age
19:49 Castle Age
19:29 Double-Bit Axe
24:31 Horse Collar
34:43 Wheelbarrow
35:41 Hand Cart
35:06 Cavalier
36:40 Fletching
40:09 Imperial Age
FunKinGGusTI
5:00 Loom
12:40 Feudal Age
13:24 Town Watch
16:49 Castle Age
18:58 Double-Bit Axe
27:07 Horse Collar
31:26 Fletching
35:36 Bodkin Arrow
36:37 Bow Saw
漠北万丈孤烟长河落日圆
4:03 Loom
13:46 Feudal Age
17:35 Castle Age
16:42 Double-Bit Axe
18:04 Fletching
18:26 Bow Saw
20:54 Wheelbarrow
20:49 Horse Collar
23:54 Bodkin Arrow
24:00 Padded Archer Armor
24:43 Town Watch
24:21 Crossbowman
26:29 Ballistics
32:43 Imperial Age
30:13 Treadmill Crane
30:24 Gold Mining
32:43 Gold Shaft Mining
31:58 Stone Mining
32:39 Hand Cart
32:44 Leather Archer Armor
33:57 Bracer
34:59 Ring Archer Armor
35:25 Arbalester
37:55 Chemistry
38:27 Scale Mail Armor
38:38 Forging
37:49 Pikeman
38:30 Squires
39:07 Conscription
38:50 Warwolf
Connection lost

Rejoining the realm…

Still unreachable

The connection could not be restored.

Session expired

The server has moved on; the page needs a fresh start.